[Event "*** SCC Grand Prix: Titled Tuesday Blitz"]
[Site "Chess.com"]
[Date "2020.06.09"]
[Round "6"]
[White "Omk124"]
[Black "lucachess49"]
[Result "0-1"]
[WhiteElo "2413"]
[BlackElo "2336"]
[TimeControl "180+1"]
[EndTime "10:03:18 PDT"]
[Termination "lucachess49 won by resignation"]

1. e4 e5 2. Nf3 Nc6 3. Bc4 Nf6 4.
d3 Be7 5. O-O O-O 6. Re1 d6 7.
a4 Na5 8. Ba2 c5 9. c3 a6 10.
Na3 Nc6 11. Nc2 h6 12. h3 Re8 13. Be3 Bf8 14. Bd2 Be6 15. Ne3 Bxa2 16. Rxa2 d5 17. exd5 Nxd5 18. Nc4 f6 19. Qb3 Rb8 20. a5 Kh7 21.
Raa1 Nc7 22. Rad1 Ne6 23. Qa2 Qc7 0-1

[Event "*** SCC Grand Prix: Titled Tuesday Blitz"]
[Site "Chess.com"]
[Date "2020.06.09"]
[Round "6"]
[White "RaphCamora"]
[Black "BilguunSu"]
[Result "1-0"]
[WhiteElo "2486"]
[BlackElo "2600"]
[TimeControl "180+1"]
[EndTime "10:03:32 PDT"]
[Termination "RaphCamora won by checkmate"]

1. e4 c5 2. Nf3 e6 3. d4 cxd4 4.
Nxd4 a6 5. Bd3 Qc7 6. O-O Nf6 7. Qe2 h5 8. e5 Ng4 9. Bf4 Bc5 10. Nf3 Nc6 11.
h3 Nh6 12. c3 Ne7 13. Nbd2 Nhf5 14. Ne4 Ba7 15. Nd6+ Kf8 16. Ng5 Nd5 17. Bh2 Nxd6 18.
exd6 Qd8 19. h4 Nf6 20. Qf3 Ng4 21. Qxf7# 1-0

[Event "*** SCC Grand Prix: Titled Tuesday Blitz"]
[Site "Chess.com"]
[Date "2020.06.09"]
[Round "6"]
[White "Moon_stone123"]
[Black "temus_galaktionov"]
[Result "0-1"]
[WhiteElo "2464"]
[BlackElo "2711"]
[TimeControl "180+1"]
[EndTime "10:03:34 PDT"]
[Termination "temus_galaktionov won by resignation"]

1. Nf3 c6 2. g3 g6 3. Bg2 Bg7 4.
O-O d6 5. d4 Nd7 6. c4 e5 7.
Nc3 Ngf6 8. e4 O-O 9. Re1 Qc7 10. h3 a6 11. b3 b5 12. Bb2 Bb7 13. d5 cxd5 14.
cxd5 Rfc8 15. Rc1 Qa5 16. Qd2 Nc5 17. b4 Qxb4 18. Ba1 Qa5 19. Nh4 Rc7 20. Nd1 Qxd2 0-1

[Event "*** SCC Grand Prix: Titled Tuesday Blitz"]
[Site "Chess.com"]
[Date "2020.06.09"]
[Round "6"]
[White "kleinebeer98"]
[Black "Jospem"]
[Result "0-1"]
[WhiteElo "2658"]
[BlackElo "2860"]
[TimeControl "180+1"]
[EndTime "10:03:38 PDT"]
[Termination "Jospem won by resignation"]

1. e4 c5 2. Nf3 d6 3. d4 cxd4 4. Nxd4 a6 5. Nc3 Nf6 6. a3 e6 7. Be3 b6 8. f4 Bb7 9. Bd3 Nbd7 10. O-O Be7 11. Kh1 O-O 12. Qf3 Rc8 13. Rae1 Rxc3 14. bxc3 Nc5 15. Qh3 Nfxe4 16. Bc1 Bf6 17. a4 Nxd3 18.
Qxd3 Nc5 19. Qg3 Nxa4 20. Bd2 Nc5 21. f5 e5 22. Nb3 Ne4 23. Qd3 d5 24. Be3 Qc7 25. Nd2 Nxc3 26. Bxb6 Qc6 27. Qxc3 Qxc3 0-1

[Event "*** SCC Grand Prix: Titled Tuesday Blitz"]
[Site "Chess.com"]
[Date "2020.06.09"]
[Round "6"]
[White "MFguimaraes"]
[Black "AlexSuv"]
[Result "1/2-1/2"]
[WhiteElo "2466"]
[BlackElo "2677"]
[TimeControl "180+1"]
[EndTime "10:03:41 PDT"]
[Termination "Game drawn by agreement"]

1. e4 c5 2. Nf3 e6 3. g3 Nc6 4. Bg2 d5 5. exd5 exd5 6. d4 Bg4 7.
O-O cxd4 8. h3 Bxf3 9. Qxf3 Nf6 10. Bg5 Be7 11. Bxf6 Bxf6 12. Re1+ Kf8 13. Qxd5 g6 14. Nd2 Kg7 15. Nb3 Qxd5 16. Bxd5 Rac8 17. a3 b6 18. Rad1 Rhd8 19. Bxc6 Rxc6 20. Re2 a5 21. Red2 h5 22. Nxd4 Bxd4 23. Rxd4 Rxd4 24. Rxd4 Rxc2 25.
b4 1/2-1/2

[Event "*** SCC Grand Prix: Titled Tuesday Blitz"]
[Site "Chess.com"]
[Date "2020.06.09"]
[Round "6"]
[White "iaraldinho"]
[Black "TigranMukhutdinov"]
[Result "1-0"]
[WhiteElo "2632"]
[BlackElo "2476"]
[TimeControl "180+1"]
[EndTime "10:03:48 PDT"]
[Termination "iaraldinho won by resignation"]

1. e4 c5 2. Nf3 Nc6 3. d4 cxd4 4. Nxd4 e5 5. Nb5 d6 6. N1c3 a6 7. Na3 b5 8. Nd5 Nce7 9. c4 Nxd5 10. exd5 bxc4 11.
Nxc4 Nf6 12. Be2 Be7 13. O-O O-O 14. Be3 Rb8 15. a3 Bb7 16. Nb6 Nd7 17. Nxd7 Qxd7 18. b4 f5 19. g3 f4 20. Bg4 Qd8 21. Be6+ Kh8 22. Bd2 Bc8 23. Qg4 Bxe6 24. dxe6 Qb6 25. Rac1 Rf6 26. Kh1 Rbf8 27. gxf4 exf4 28. Qf3 Rxe6 29.
Rc6 Qb7 30. Rfc1 Rg6 31. h3 Qb5 32. Rc7 Bh4 33. Rf7 Re8 34. Rxf4 Bg5 35. Rf8+ 1-0

[Event "*** SCC Grand Prix: Titled Tuesday Blitz"]
[Site "Chess.com"]
[Date "2020.06.09"]
[Round "6"]
[White "SCIM"]
[Black "ChelsieMonica"]
[Result "1-0"]
[WhiteElo "2540"]
[BlackElo "2366"]
[TimeControl "180+1"]
[EndTime "10:03:59 PDT"]
[Termination "SCIM won by resignation"]

1. d4 g6 2. c4 Bg7 3. Nc3 d6 4.
e4 Nf6 5. f3 c6 6. Be3 O-O 7.
Qd2 e5 8. Nge2 b5 9. cxb5 cxb5 10. dxe5 dxe5 11. Qxd8 Rxd8 12. Nxb5 Nc6 13. Nec3 a6 14. Nc7 Rb8 15. N7d5 Nxd5 16. Nxd5 Rxb2 17. O-O-O Rb8 18. Ne7+ Nxe7 19. Rxd8+ Bf8 20. Bh6 1-0

[Event "*** SCC Grand Prix: Titled Tuesday Blitz"]
[Site "Chess.com"]
[Date "2020.06.09"]
[Round "6"]
[White "goldenpuppy"]
[Black "frankshar"]
[Result "1-0"]
[WhiteElo "2217"]
[BlackElo "2351"]
[TimeControl "180+1"]
[EndTime "10:04:05 PDT"]
[Termination "goldenpuppy won by resignation"]

1. e4 c5 2. Nf3 e6 3. d4 cxd4 4. Nxd4 Nf6 5. Nc3 d6 6. g3 Be7 7.
Bg2 O-O 8. O-O Nc6 9. f4 a6 10. Kh1 Qc7 11. Nxc6 bxc6 12. g4 d5 13. e5 Nd7 14.
Rf3 c5 15. Rh3 Bb7 16. g5 g6 17. Qg4 Rfd8 18. Bd2 d4 19. Ne4 Bxe4 20. Bxe4 Rab8 21.
b3 c4 22. Rf1 Nf8 23. Rff3 d3 24. cxd3 c3 25. Bc1 c2 26. Rh4 h5 27. gxh6 Bxh4 28.
Qxh4 Kh7 29. Qf6 1-0

[Event "*** SCC Grand Prix: Titled Tuesday Blitz"]
[Site "Chess.com"]
[Date "2020.06.09"]
[Round "6"]
[White "NIGWAPO"]
[Black "Gerodot71"]
[Result "1-0"]
[WhiteElo "2552"]
[BlackElo "2390"]
[TimeControl "180+1"]
[EndTime "10:04:08 PDT"]
[Termination "NIGWAPO won by resignation"]

1. e4 e5 2. Nf3 Nc6 3. Bb5 a6 4.
Ba4 Nf6 5. O-O Be7 6. Re1 b5 7.
Bb3 d6 8. c3 O-O 9. h3 Nb8 10. d4 Nbd7 11. Nbd2 Bb7 12. Qe2 h6 13. Bc2 Re8 14. Nf1 Bf8 15. Ng3 g6 16. Be3 Bg7 17.
Rad1 Qe7 18. d5 c6 19. dxc6 Bxc6 20. Qd2 d5 21. exd5 Bxd5 22. Bxh6 Bxf3 23. gxf3 Rad8 24.
Bxg7 Kxg7 25. Qg5 Qc5 26. Nf5+ Kg8 27. Nd6 Re7 28. Nb7 Qb6 29. Nxd8 Qxd8 30. Qxf6 1-0

[Event "*** SCC Grand Prix: Titled Tuesday Blitz"]
[Site "Chess.com"]
[Date "2020.06.09"]
[Round "6"]
[White "ClassyEl"]
[Black "kot60"]
[Result "1-0"]
[WhiteElo "2519"]
[BlackElo "2354"]
[TimeControl "180+1"]
[EndTime "10:04:12 PDT"]
[Termination "ClassyEl won by resignation"]

1. d4 Nf6 2. Bg5 Ne4 3. Bf4 d5 4. e3 c5 5. Bd3 Nf6 6. dxc5 Qa5+ 7. Nc3 Qxc5 8. Nf3 e6 9. a3 Bd7 10. O-O Bd6 11. b4 Qc7 12. Bxd6 Qxd6 13. Nb5 Bxb5 14. Bxb5+ Nc6 15. c4 O-O 16. Rc1 Rac8 17. cxd5 Qxd5 18. Qxd5 exd5 19. Bxc6 bxc6 20. Nd4 Ne4 21. Rxc6 Nd2 22. Rfc1 Nc4 23. a4 a6 24. Rxa6 g6 25. g3 Nd2 26.
Rac6 Nc4 27. e4 Rxc6 28. Nxc6 Nb6 29. a5 1-0

[Event "*** SCC Grand Prix: Titled Tuesday Blitz"]
[Site "Chess.com"]
[Date "2020.06.09"]
[Round "6"]
[White "SARGISMV"]
[Black "GuuBol"]
[Result "1-0"]
[WhiteElo "2416"]
[BlackElo "2221"]
[TimeControl "180+1"]
[EndTime "10:04:17 PDT"]
[Termination "SARGISMV won by resignation"]

1. d3 Nf6 2. c4 d5 3. Nc3 e6 4. g3 Be7 5. Nf3 O-O 6. Bg2 b6 7. O-O Bb7 8. cxd5 Nxd5 9. e4 Nf6 10.
Qe2 c5 11. Rd1 Nc6 12. Be3 Ng4 13. Bf4 e5 14. Be3 Qd7 15. Nd5 Nf6 16. Nxe7+ Qxe7 17. a3 h6 18. Rac1 Rfd8 19. Nh4 Qe6 20. Nf5 Rd7 21. Bh3 Nd4 22. Bxd4 exd4 23. Nxh6+ 1-0

[Event "*** SCC Grand Prix: Titled Tuesday Blitz"]
[Site "Chess.com"]
[Date "2020.06.09"]
[Round "6"]
[White "Julianos82"]
[Black "Papa12341234"]
[Result "1-0"]
[WhiteElo "2393"]
[BlackElo "2572"]
[TimeControl "180+1"]
[EndTime "10:04:18 PDT"]
[Termination "Julianos82 won by resignation"]

1. d4 Nf6 2. Nf3 g6 3. c4 Bg7 4. Nc3 d5 5. cxd5 Nxd5 6. Na4 O-O 7. Bg5 h6 8. Bh4 Nb6 9. e3 Nxa4 10. Qxa4 c5 11. Rd1 cxd4 12. Nxd4 Qb6 13. Bxe7 Bd7 14. Qb4 Re8 15. Qxb6 axb6 16. Ba3 Nc6 17. Nb5 Bg4 18.
Be2 Bxe2 19. Kxe2 Ra5 20. Nd6 Re7 21. Nc4 Nd4+ 22. Rxd4 Rxa3 23. Rd8+ Kh7 24. bxa3 b5 25. Nd2 Rc7 26. Rb1 Rc2 27. Rxb5 Rxa2 28. Rxb7 Rxa3 29. Rxf7 1-0

[Event "*** SCC Grand Prix: Titled Tuesday Blitz"]
[Site "Chess.com"]
[Date "2020.06.09"]
[Round "6"]
[White "earling8018"]
[Black "Harsha_Bharathakoti"]
[Result "0-1"]
[WhiteElo "2084"]
[BlackElo "2743"]
[TimeControl "180+1"]
[EndTime "10:04:19 PDT"]
[Termination "Harsha_Bharathakoti won by resignation"]

1. d4 d5 2. c4 e6 3. Nc3 c6 4.
Nf3 Nf6 5. Bg5 Nbd7 6. e3 h6 7. Bh4 g5 8. Bg3 Nh5 9. Bd3 Bg7 10. O-O Nxg3 11. fxg3 O-O 12. h4 g4 13. Nh2 f5 14.
Nxg4 fxg4 15. Qxg4 Rf6 16. e4 Rxf1+ 17. Rxf1 Nf6 18. Qg6 dxc4 19. e5 Qxd4+ 20. Kh2 Qxd3 21. Rxf6 Qxg6 22. Rxg6 Kh7 23. h5 Bxe5 24. Ne4 Bd7 25. Nc5 Rd8 26. Nxd7 Rxd7 27. Rxe6 Bxb2 0-1

[Event "*** SCC Grand Prix: Titled Tuesday Blitz"]
[Site "Chess.com"]
[Date "2020.06.09"]
[Round "6"]
[White "Evgeny_Ermakov1965"]
[Black "ChessQueen"]
[Result "1/2-1/2"]
[WhiteElo "2524"]
[BlackElo "2670"]
[TimeControl "180+1"]
[EndTime "10:04:25 PDT"]
[Termination "Game drawn by agreement"]

1. d4 Nf6 2. Bf4 d5 3. e3 c5 4. c3 Nc6 5. Nf3 Qb6 6. Qb3 c4 7. Qc2 Bf5 8. Qc1 Nh5 9. Bg3 Nxg3 10. hxg3 g6 11. Nbd2 Bg7 12. Be2 e5 13. dxe5 Nxe5 14. Nxe5 Bxe5 15. Nf3 Bg7 16. Nd4 Bxd4 17. cxd4 Qa5+ 18.
Qc3 Qxc3+ 19. bxc3 Kd7 20. g4 Be6 21. Kd2 b5 22. f4 a5 23. a3 Kc6 24. Bf3 f5 25. g5 Ra7 26. Rab1 Rb8 27. Rb2 Bg8 28. Rhb1 Rab7 29. Bd1 Be6 30. Bf3 Bd7 31. Bd1 Kd6 32. Bf3 Bc6 33. Bd1 Rh8 34. a4 Rhb8 35. axb5 Rxb5 36. Rxb5 Rxb5 37. Rxb5 Bxb5 38. g3 Bd7 39. Kc1 Bc6 1/2-1/2

[Event "*** SCC Grand Prix: Titled Tuesday Blitz"]
[Site "Chess.com"]
[Date "2020.06.09"]
[Round "6"]
[White "ARMQUEEN"]
[Black "Alexey_Spirin"]
[Result "1-0"]
[WhiteElo "2305"]
[BlackElo "2041"]
[TimeControl "180+1"]
[EndTime "10:04:27 PDT"]
[Termination "ARMQUEEN won by resignation"]

1. e4 c5 2. Nc3 Nc6 3. Bb5 g6 4. Bxc6 bxc6 5. d3 Bg7 6. Be3 d6 7. Nge2 Nf6 8. h3 Rb8 9. b3 O-O 10. Qd2 Re8 11. O-O Nd7 12. f4 Qa5 13. Rae1 Qb4 14. f5 Ne5 15. Bh6 Bh8 16. fxg6 hxg6 17. Qf4 f6 18. Nd1 Be6 19. Qg3 Bf7 20. Be3 Bg7 21. Nf4 g5 22. Ne2 Be6 23. Bxg5 fxg5 24. Qxg5 Qb7 25. c3 Rf8 26. Nf4 Bf7 27. Re3 Kh8 28.
Rg3 1-0

[Event "*** SCC Grand Prix: Titled Tuesday Blitz"]
[Site "Chess.com"]
[Date "2020.06.09"]
[Round "6"]
[White "amatatanav"]
[Black "ZverevLev"]
[Result "0-1"]
[WhiteElo "2408"]
[BlackElo "2271"]
[TimeControl "180+1"]
[EndTime "10:04:30 PDT"]
[Termination "ZverevLev won by resignation"]

1. e4 e5 2. Bc4 Nf6 3. d3 Bc5 4. Nc3 Nc6 5. f4 d6 6. Nf3 O-O 7. Na4 Bb6 8. Nxb6 axb6 9. c3 exf4 10. Bxf4 d5 11. exd5 Re8+ 12. Kf2 Ng4+ 13. Kg3 Ne7 14. Nd4 Ng6 15. h3 Qh4+ 0-1

[Event "*** SCC Grand Prix: Titled Tuesday Blitz"]
[Site "Chess.com"]
[Date "2020.06.09"]
[Round "6"]
[White "amiralfio"]
[Black "PattyCastillo"]
[Result "1-0"]
[WhiteElo "2371"]
[BlackElo "1915"]
[TimeControl "180+1"]
[EndTime "10:04:32 PDT"]
[Termination "amiralfio won by resignation"]

1. d4 d5 2. Bf4 c5 3. e3 Nc6 4. Nc3 cxd4 5. exd4 e6 6. Nb5 Bb4+ 7. c3 e5 8. dxe5 a6 9. Nd6+ Bxd6 10. exd6 Be6 11. Nf3 Nf6 12. Bd3 O-O 13. O-O Nh5 14. Bxh7+ Kxh7 15. Ng5+ Kg6 16. Nxe6 fxe6 17. Qg4+ Kh7 18. Qxh5+ Kg8 19.
Bg3 Rf5 20. Qe2 e5 21. Rad1 Qxd6 22. Qe4 dxe4 23. Rxd6 Raf8 24. Re1 Nd8 25. Rxe4 Nf7 26. Rd7 Ng5 27. Rxe5 Rxe5 28. Bxe5 Ne6 29. Re7 Nc5 30. Rxg7+ 1-0

[Event "*** SCC Grand Prix: Titled Tuesday Blitz"]
[Site "Chess.com"]
[Date "2020.06.09"]
[Round "6"]
[White "Kildepiotr"]
[Black "vanyakuba"]
[Result "1/2-1/2"]
[WhiteElo "2602"]
[BlackElo "2458"]
[TimeControl "180+1"]
[EndTime "10:04:38 PDT"]
[Termination "Game drawn by repetition"]

1. Nf3 f5 2. d3 d6 3. e4 e5 4. exf5 Bxf5 5. d4 e4 6. Nfd2 d5 7. c4 c6 8. Nc3 Nf6 9. Be2 Bd6 10. f3 O-O 11. O-O e3 12. Nb3 Re8 13. cxd5 cxd5 14. Bd3 Bd7 15. Re1 Bxh2+ 16. Kxh2 Ng4+ 17. fxg4 Qh4+ 18. Kg1 Qf2+ 19. Kh2 Qh4+ 20. Kg1 Qf2+ 21. Kh1 Qh4+ 22.
Kg1 1/2-1/2

[Event "*** SCC Grand Prix: Titled Tuesday Blitz"]
[Site "Chess.com"]
[Date "2020.06.09"]
[Round "6"]
[White "ketster"]
[Black "Zurability"]
[Result "1-0"]
[WhiteElo "2473"]
[BlackElo "2657"]
[TimeControl "180+1"]
[EndTime "10:04:38 PDT"]
[Termination "ketster won by resignation"]

1. d4 Nf6 2. c4 e6 3. g3 Bb4+ 4. Bd2 a5 5. Bg2 Nc6 6. Nf3 d6 7. O-O Bxd2 8. Nbxd2 O-O 9. Qc2 e5 10. d5 Ne7 11. e4 Nd7 12. Ne1 f5 13. Nd3 b6 14. f4 exf4 15. Nxf4 Nc5 16. Rae1 fxe4 17. Nxe4 Bf5 18. Qc3 Ng6 19. Nxc5 bxc5 20. Ne6 Bxe6 21. dxe6 Rb8 22. Rf7 Rxf7 23. exf7+ Kxf7 24. Bd5+ Kf8 25. Rf1+ Ke8 26. Bc6+ Ke7 27. Qxg7+ 1-0

[Event "*** SCC Grand Prix: Titled Tuesday Blitz"]
[Site "Chess.com"]
[Date "2020.06.09"]
[Round "6"]
[White "Berant"]
[Black "AungTZ"]
[Result "1-0"]
[WhiteElo "2330"]
[BlackElo "2110"]
[TimeControl "180+1"]
[EndTime "10:04:38 PDT"]
[Termination "Berant won by resignation"]

1. e4 c5 2. Nf3 Nc6 3. d4 cxd4 4.
Nxd4 Nf6 5. Nc3 d6 6. Be2 e5 7. Nf3 h6 8. O-O Be7 9. h3 O-O 10. Nh2 Be6 11. Ng4 Nxg4 12. Bxg4 Qd7 13. Nd5 Bd8 14. c3 Rc8 15. Be3 Bxg4 16. hxg4 b6 17.
g3 Ne7 18. Nxe7+ Bxe7 19. Kg2 Rfd8 20. Qd2 Qxg4 21. f3 Qg6 22. Rh1 Bf8 23. Rad1 f5 24.
Qd5+ Kh7 25. exf5 Qxf5 26. g4 Qg6 27. Rh3 Be7 28. Rdh1 Bg5 29. Bxg5 Qxg5 30. Rh5 Qg6 31. g5 Rc7 32. Rxh6+ gxh6 33. Rxh6+ Qxh6 34. gxh6 Kxh6 35.
Qe6+ Kh7 36. Qf5+ Kg8 37. Kf2 Rf7 38. Qg5+ 1-0

[Event "*** SCC Grand Prix: Titled Tuesday Blitz"]
[Site "Chess.com"]
[Date "2020.06.09"]
[Round "6"]
[White "lelajavakhishvili"]
[Black "The_Machine04"]
[Result "1-0"]
[WhiteElo "2449"]
[BlackElo "2288"]
[TimeControl "180+1"]
[EndTime "10:04:42 PDT"]
[Termination "lelajavakhishvili won by resignation"]

1. c4 e6 2. Nf3 d5 3. b3 Nf6 4. Bb2 Be7 5. g3 b6 6. Bg2 Bb7 7. O-O O-O 8. e3 c5 9. Qe2 Nbd7 10. Nc3 a6 11. Rfd1 Qc7 12. cxd5 Nxd5 13. Nxd5 Bxd5 14. e4 Bb7 15. d4 cxd4 16. Rac1 Qb8 17. Bxd4 Rd8 18.
Qe3 Bc5 19. b4 Bxd4 20. Nxd4 Qe5 21. f4 Qh5 22. Bf3 Qh6 23. Rc7 Rab8 24. Nb3 Bc8 25. e5 Kf8 26. Bc6 Ke7 27. Qd3 Qg6 28. Qd6+ Ke8 29.
Bxd7+ Bxd7 30. Rxd7 Rxd7 31. Qxd7+ Kf8 32. Qd6+ 1-0

[Event "*** SCC Grand Prix: Titled Tuesday Blitz"]
[Site "Chess.com"]
[Date "2020.06.09"]
[Round "6"]
[White "AGW2016"]
[Black "juniortay"]
[Result "1-0"]
[WhiteElo "2267"]
[BlackElo "2407"]
[TimeControl "180+1"]
[EndTime "10:04:44 PDT"]
[Termination "AGW2016 won by resignation"]

1. e4 e5 2. Nf3 Nf6 3. Nxe5 Nc6 4. Nxc6 dxc6 5. d3 Bc5 6. Be2 h5 7. O-O Ng4 8. c3 Bb6 9. d4 Be6 10. Bf4 g5 11. Bg3 h4 12. Bxg4 hxg3 13. fxg3 Qd6 14.
Nd2 O-O-O 15. a4 a5 16. Nc4 Qe7 17. Nxb6+ cxb6 18. Bxe6+ Qxe6 19. Qf3 Kb8 20. Qf5 Qe7 21. Rae1 Rdf8 22. e5 Qd8 23. Qf6 Qd5 24. Qd6+ Qxd6 25.
exd6 Rh6 26. Re7 Rxd6 27. Rfxf7 Rxf7 28. Rxf7 b5 29. axb5 cxb5 30. Rf5 Rb6 31. Rxg5 Ka7 32. h4 Ka6 33. h5 a4 34. Rg6 1-0

[Event "*** SCC Grand Prix: Titled Tuesday Blitz"]
[Site "Chess.com"]
[Date "2020.06.09"]
[Round "6"]
[White "stolencandy13"]
[Black "Igor_Lysyj"]
[Result "0-1"]
[WhiteElo "2484"]
[BlackElo "2739"]
[TimeControl "180+1"]
[EndTime "10:04:45 PDT"]
[Termination "Igor_Lysyj won by resignation"]

1. d4 d5 2. Bf4 c5 3. e3 Nc6 4. Nf3 cxd4 5. exd4 Bg4 6. c3 e6 7.
Qb3 Qd7 8. Nbd2 f6 9. Bd3 Nge7 10.
O-O g5 11. Bg3 h5 12. h4 gxh4 13. Nxh4 Bh6 14. Ndf3 Kf7 15. Rae1 Rag8 16. c4 Bg5 17. cxd5 Nxd5 18. Nxg5+ fxg5 19. Ng6 Rxg6 20. Bxg6+ Kxg6 21. Be5 Rf8 22. f3 Bf5 23. Qd1 h4 24. g4 hxg3 25. Kg2 Nxe5 26. dxe5 Rh8 27. Rh1 Rxh1 28. Kxh1 Qh7+ 0-1

[Event "*** SCC Grand Prix: Titled Tuesday Blitz"]
[Site "Chess.com"]
[Date "2020.06.09"]
[Round "6"]
[White "VincentKeymer"]
[Black "andriipalchuk"]
[Result "1-0"]
[WhiteElo "2762"]
[BlackElo "2279"]
[TimeControl "180+1"]
[EndTime "10:04:50 PDT"]
[Termination "VincentKeymer won by resignation"]

1. Nf3 Nf6 2. c4 c6 3. Nc3 d5 4. e3 g5 5. Nxg5 e6 6. Nf3 Bd6 7. d4 Nbd7 8. b3 Bb4 9. Bd2 Bxc3 10. Bxc3 Ne4 11. Qc2 f5 12. Bd3 Ndf6 13. Ne5 Qe7 14. f3 Nxc3 15. Qxc3 Qg7 16. g3 h5 17. O-O-O Bd7 18. c5 O-O-O 19. Qa5 Kb8 20. b4 h4 21.
b5 cxb5 22. Bxb5 hxg3 23. hxg3 Rc8 24. Rxh8 Rxh8 25. Kb1 Bc8 26. Rc1 Qxg3 27. c6 Qg7 28.
c7+ Ka8 29. Nc6 bxc6 30. Bxc6+ Bb7 31. Bxb7+ Kxb7 32. c8=Q+ Rxc8 33. Qb5+ 1-0

[Event "*** SCC Grand Prix: Titled Tuesday Blitz"]
[Site "Chess.com"]
[Date "2020.06.09"]
[Round "6"]
[White "bsnsun"]
[Black "kleopl"]
[Result "0-1"]
[WhiteElo "2439"]
[BlackElo "2350"]
[TimeControl "180+1"]
[EndTime "10:04:55 PDT"]
[Termination "kleopl won on time"]

1. Nf3 Nf6 2. g3 g6 3. c4 Bg7 4. d4 O-O 5. Bg2 c6 6. b3 d5 7.
Bb2 Ne4 8. O-O Nd7 9. cxd5 cxd5 10. Nbd2 Ndf6 11. e3 Bg4 12. h3 Nxd2 13. Qxd2 Bxf3 14. Bxf3 Qd7 15. Kg2 Rfc8 16. Rfc1 e6 17. Ba3 Bf8 18. Bxf8 Kxf8 19. Qb4+ Kg7 20. Be2 a6 21. Bd3 Ne8 22. Rc5 Rxc5 23. dxc5 e5 24. Rd1 Nf6 25. Qh4 a5 26.
Qg5 Qe7 27. f4 e4 28. Be2 Qxc5 29. Qe5 Qxe3 0-1

[Event "*** SCC Grand Prix: Titled Tuesday Blitz"]
[Site "Chess.com"]
[Date "2020.06.09"]
[Round "6"]
[White "trriinu"]
[Black "Caterpiller35"]
[Result "0-1"]
[WhiteElo "2014"]
[BlackElo "2292"]
[TimeControl "180+1"]
[EndTime "10:04:56 PDT"]
[Termination "Caterpiller35 won on time"]

1. e4 d5 2. exd5 Nf6 3. d4 Bg4 4. f3 Bf5 5. c4 e6 6. dxe6 Nc6 7. d5 Nb4 8. Na3 Bc5 9. g4 Nxg4 10.
Qa4+ c6 11. Bf4 O-O 12. fxg4 Be4 13. Be2 Qf6 14. Nh3 Bxh1 15. O-O-O Be4 0-1

[Event "*** SCC Grand Prix: Titled Tuesday Blitz"]
[Site "Chess.com"]
[Date "2020.06.09"]
[Round "6"]
[White "yamalchess"]
[Black "Training_Day"]
[Result "1-0"]
[WhiteElo "2447"]
[BlackElo "2313"]
[TimeControl "180+1"]
[EndTime "10:04:57 PDT"]
[Termination "yamalchess won by resignation"]

1. d4 d5 2. c4 e6 3. Nc3 c5 4. cxd5 exd5 5. Nf3 Nc6 6. g3 Nf6 7. Bg2 Be7 8. O-O O-O 9. Be3 c4 10. Bg5 Be6 11. Ne5 h6 12. Bxf6 Bxf6 13. f4 Qb6 14. e3 Bxe5 15. fxe5 Qxb2 16. Nxd5 Rad8 17. Nf4 c3 18. Qc1 Bc4 19. Rf2 Qb4 20. a3 Qa5 21.
Rc2 Ne7 22. Rxc3 b5 23. a4 Qb6 24. axb5 Bxb5 25. Rc5 Nf5 26. Nd5 Qb8 27. Bh3 Bd7 28. Bxf5 Bxf5 29. Ne7+ 1-0

[Event "*** SCC Grand Prix: Titled Tuesday Blitz"]
[Site "Chess.com"]
[Date "2020.06.09"]
[Round "6"]
[White "Rodalquilar"]
[Black "chessmaugli"]
[Result "1-0"]
[WhiteElo "2629"]
[BlackElo "2434"]
[TimeControl "180+1"]
[EndTime "10:04:59 PDT"]
[Termination "Rodalquilar won by resignation"]

1. e4 c5 2. Nc3 Nc6 3. Bb5 Nd4 4. Bc4 e6 5. Nge2 d6 6. O-O Nf6 7. d3 Nxe2+ 8. Qxe2 Be7 9. f4 a6 10. e5 dxe5 11.
fxe5 Nd5 12. Qf3 f5 13. Nxd5 exd5 14. Bxd5 Qb6 15. c4 Rb8 16. Kh1 Be6 17. b4 O-O 18.
Be3 Bxd5 19. Qxd5+ Kh8 20. bxc5 Qc7 21. d4 Rbd8 22.
Qe6 Qd7 23. Qxd7 Rxd7 24. d5 Rc8 25. d6 Bf8 26. e6 1-0

[Event "*** SCC Grand Prix: Titled Tuesday Blitz"]
[Site "Chess.com"]
[Date "2020.06.09"]
[Round "6"]
[White "AnishGiri"]
[Black "Hrant_ChessMood"]
[Result "1/2-1/2"]
[WhiteElo "2975"]
[BlackElo "3083"]
[TimeControl "180+1"]
[EndTime "10:05:01 PDT"]
[Termination "Game drawn by agreement"]

1. e4 c6 2. d4 d5 3. e5 Bf5 4. h4 h5 5. Bd3 Bxd3 6. Qxd3 e6 7.
Bg5 Qa5+ 8. Nd2 c5 9. Nf3 Nc6 10. O-O cxd4 11. Nb3 Qa6 12. Qxa6 bxa6 13. Rac1 f6 14.
Bf4 Nge7 15. Nbxd4 Kf7 16. c4 Nxd4 17. Nxd4 Ng6 18.
Bg3 fxe5 19. Nf3 Bd6 20. cxd5 exd5 21. Rfd1 Rhc8 22. Rxc8 Rxc8 23. Rxd5 Ke6 24. Ra5 Rc1+ 25. Kh2 Rc6 26. Ng5+ Kf5 27. Ra4 Be7 28. Nf3 1/2-1/2

[Event "*** SCC Grand Prix: Titled Tuesday Blitz"]
[Site "Chess.com"]
[Date "2020.06.09"]
[Round "6"]
[White "DrKozerov"]
[Black "Makswolf200817"]
[Result "1-0"]
[WhiteElo "2600"]
[BlackElo "2432"]
[TimeControl "180+1"]
[EndTime "10:05:01 PDT"]
[Termination "DrKozerov won by checkmate"]

1. d4 d5 2. c4 e6 3. Nc3 c6 4.
Nf3 dxc4 5. a4 Bb4 6. e4 b5 7. Bd2 Nf6 8. e5 Bxc3 9. bxc3 Nd5 10. Ng5 h6 11. Qh5 Qe7 12. Ne4 O-O 13. Bg5 Qc7 14.
Nf6+ Nxf6 15. exf6 Qa5 16. Rc1 bxa4 17. h4 Nd7 18. fxg7 hxg5 19. Qh8# 1-0

[Event "*** SCC Grand Prix: Titled Tuesday Blitz"]
[Site "Chess.com"]
[Date "2020.06.09"]
[Round "6"]
[White "Olga_Girya"]
[Black "Panterov"]
[Result "1-0"]
[WhiteElo "2401"]
[BlackElo "2156"]
[TimeControl "180+1"]
[EndTime "10:05:01 PDT"]
[Termination "Olga_Girya won by resignation"]

1. d4 Nf6 2. c4 e6 3. Nf3 b6 4.
a3 Bb7 5. Nc3 g6 6. Bf4 Bg7 7.
e3 O-O 8. Bd3 d5 9. cxd5 Nxd5 10. Nxd5 Bxd5 11. O-O Nd7 12. Bg5 Bf6 13. Bxf6 Qxf6 14.
b4 Bxf3 15. Qxf3 Qxf3 16. gxf3 c5 17. Bb5 Rfd8 18. dxc5 bxc5 19. Rfd1 Ne5 20. bxc5 Nxf3+ 21. Kg2 Ne5 22. f4 Ng4 23. Kf3 h5 24. h3 Nf6 25.
Ba6 Nd5 26. Bb7 Rab8 27. c6 Nc7 28. Rd7 Rxd7 29. cxd7 Kf8 30. Rc1 1-0

[Event "*** SCC Grand Prix: Titled Tuesday Blitz"]
[Site "Chess.com"]
[Date "2020.06.09"]
[Round "6"]
[White "AtabayevSaparmyrat"]
[Black "olksuna"]
[Result "0-1"]
[WhiteElo "2780"]
[BlackElo "2633"]
[TimeControl "180+1"]
[EndTime "10:05:02 PDT"]
[Termination "olksuna won on time"]

1. e4 e5 2. Nf3 Nc6 3. Bb5 a6 4.
Bxc6 dxc6 5. Nc3 Bd6 6. d4 exd4 7.
Qxd4 f6 8. Be3 Be6 9. O-O-O Ne7 10. Na4 O-O 11. Nb6 c5 12. Qd3 cxb6 13. Qxd6 Bg4 0-1

[Event "*** SCC Grand Prix: Titled Tuesday Blitz"]
[Site "Chess.com"]
[Date "2020.06.09"]
[Round "6"]
[White "PlayChessSimple"]
[Black "Fins0905"]
[Result "1-0"]
[WhiteElo "2512"]
[BlackElo "2642"]
[TimeControl "180+1"]
[EndTime "10:05:05 PDT"]
[Termination "PlayChessSimple won by resignation"]

1. e4 d5 2. Nc3 dxe4 3. Nxe4 Qd5 4. d3 Nc6 5. Ne2 e5 6. N2c3 Qd8 7. Be2 Be7 8. O-O Nf6 9. Nxf6+ Bxf6 10. Ne4 Be7 11. f4 exf4 12. Bxf4 O-O 13. c3 f5 14. Ng3 Kh8 15. d4 g5 16. Be3 f4 17. Bd3 Qe8 18. d5 fxe3 19. Rxf8+ Bxf8 20. dxc6 bxc6 21. Qf3 Bc5 22.
Qf6+ Kg8 23. Bc4+ 1-0